Map: 强酸工厂 - 天梯版

Players

uThermal - Winner!

  • Race: Terran Terran
  • Spawn Location: 11:00

Cloudy

  • Race: Protoss Protoss
  • Spawn Location: 5:00

Event: WCS Valencia 2018

VOD

Have the link to the VOD?

Description

Time

  • Played on: July 12, 2018, 12:55 p.m.
  • Length: 10:29

All games in this series

Show
View Real Time Build Order
Export as new Build Order

uThermal Terran - Winner!

Build Orders: Reaper Expand, MMM Bio 

Get SALT Encoding   

  12  0:01  SCV  
  13  0:13  SCV  
  14  0:17  Supply Depot  
  14  0:25  SCV  
  15  0:38  SCV  
  15  0:39  Barracks  
  16  0:43  Refinery  
  16  0:50  SCV  
  17  1:02  SCV  
  18  1:15  SCV  
  19  1:27  Reaper, Orbital Command  
  20  1:46  Command Center  
  20  1:51  Supply Depot  
  20  1:52  SCV  
  21  1:58  Marine  
  22  2:04  SCV  
  23  2:08  Factory  
  23  2:14  Refinery  
  23  2:17  SCV  
  23  2:21  Barracks Reactor  
  24  2:29  SCV  
  25  2:41  SCV  
  26  2:54  Widow Mine, Starport  
  26  2:55  SCV  
  26  2:57  Marine x2, Orbital Command  
  31  3:07  SCV  
  32  3:15  Marine x2  
  32  3:17  Cyclone  
  32  3:19  SCV  
  38  3:24  SCV  
  39  3:31  SCV  
  39  3:32  Viking, Supply Depot  
  39  3:33  Marine  
  42  3:35  Marine  
  42  3:36  SCV  
  44  3:47  SCV  
  45  3:49  Factory Tech Lab  
  45  3:51  Marine  
  45  3:53  SCV, Marine, Barracks  
  48  3:59  Supply Depot, SCV  
  48  4:05  Starport Tech Lab  
  48  4:06  SCV  
  48  4:07  Barracks  
  49  4:10  Marine  
  49  4:14  SCV  
  49  4:15  Factory Reactor  
  51  4:19  SCV  
  51  4:20  Marine  
  51  4:22  Supply Depot  
  53  4:26  SCV  
  53  4:28  Marine  
  53  4:31  SCV  
  56  4:32  Engineering Bay  
  56  4:33  Starport Reactor  
  56  4:38  Supply Depot, SCV, Marine  
  58  4:46  Marine  
  58  4:49  Stimpack, Marine  
  58  4:51  SCV x2  
  62  4:56  Supply Depot  
  62  5:00  Terran Infantry Weapons Level 1  
  62  5:01  Combat Shields, Marine x2, Refinery  
  62  5:03  SCV  
  62  5:04  SCV  
  66  5:09  Marine, Refinery  
  66  5:10  Marine  
  68  5:17  SCV x2  
  68  5:18  Medivac  
  68  5:19  Supply Depot, Marine  
  71  5:23  Marine  
  71  5:24  Missile Turret  
  72  5:31  Widow Mine x2  
  72  5:32  Medivac  
  78  5:35  Supply Depot  
  78  5:36  Marine  
  78  5:42  Missile Turret  
  79  5:43  Marauder  
  79  5:44  Marine x2  
  83  5:51  Supply Depot, Medivac  
  83  5:55  Widow Mine x2  
  89  6:05  Marine x2, Marauder x2  
  95  6:12  Supply Depot  
  95  6:17  Widow Mine x2, Medivac  
  99  6:19  Concussive Shells  
  99  6:22  Marine  
  99  6:25  Medivac  
  102  6:27  Marauder  
  102  6:28  Marine, Marauder  
  107  6:33  Supply Depot  
  107  6:34  Supply Depot  
  107  6:38  Widow Mine x2  
  111  6:40  Marine  
  112  6:49  Marine x2  
  112  6:50  Marauder  
  116  7:01  Marine  
  117  7:07  Marine  
  117  7:08  Marauder  
  114  7:11  Liberator x2, Marine  
  114  7:12  Command Center  
  100  7:19  Widow Mine  
  92  7:24  Marine  
  92  7:29  Marauder  
  88  7:30  Marauder  
  88  7:31  Marine  
  88  7:36  Terran Infantry Armor Level 1  
  86  7:37  SCV  
  86  7:38  SCV  
  86  7:41  Marine  
  92  7:44  Widow Mine x2  
  92  7:49  SCV, Marine  
  92  7:51  Marauder  
  96  7:52  Marine  
  96  7:54  Liberator  
  96  7:55  Liberator, SCV  
  98  7:59  Marine  
  103  8:05  Widow Mine x2  
  103  8:10  Marine  
  103  8:11  Marauder  
  111  8:13  SCV  
  111  8:20  Marine  
  111  8:21  Marauder  
  111  8:27  Orbital Command  
  114  8:28  SCV x2, Marine  
  114  8:32  Marauder  
  119  8:38  Liberator, Marine, Barracks  
  119  8:39  Barracks  
  120  8:42  Marine  
  120  8:46  SCV x2, Marine  
  120  8:47  Liberator, Armory  
  124  8:53  SCV, Marine  
  127  9:05  Marine, Marauder  
  127  9:08  Supply Depot, SCV x2  
  133  9:10  SCV  
  121  9:20  SCV, Marine  
  121  9:21  Marauder  
  112  9:26  Marine  
  112  9:27  Marauder  
  112  9:28  Barracks Tech Lab x2  
  114  9:31  SCV  
  114  9:32  SCV  
  114  9:38  Marine  
  109  9:42  Marauder  
  109  9:44  SCV, Marine  
  109  9:46  Marine  
  113  9:55  SCV  
  113  9:57  SCV, Marine x2  
  113  9:58  Marauder  
  113  10:07  SCV  
  113  10:16  SCV  
Show
View Real Time Build Order
Export as new Build Order

Cloudy Protoss 

Build Orders: 1 Gate Expand, Oracle Opening 

Get SALT Encoding   

  12  0:01  Probe  
  13  0:13  Probe  
  14  0:18  Pylon  
  14  0:25  Probe  
  15  0:34  Probe  
  15  0:37  Gateway  
  15  0:42  Probe  
  16  0:43  Assimilator  
  17  0:52  Probe  
  18  1:04  Probe  
  19  1:16  Probe  
  20  1:25  Nexus  
  20  1:34  Cybernetics Core  
  20  1:39  Probe  
  21  1:44  Assimilator  
  21  1:52  Pylon  
  21  1:54  Probe  
  22  2:02  Adept  
  22  2:06  Probe  
  25  2:17  Stargate  
  25  2:19  Probe  
  25  2:21  Adept  
  26  2:26  Warp Gate  
  26  2:30  Probe  
  28  2:38  Probe x2  
  30  2:46  Probe  
  30  2:50  Probe  
  32  2:51  Adept  
  32  2:54  Oracle  
  32  2:57  Probe  
  34  3:03  Probe  
  39  3:09  Probe  
  40  3:17  Pylon  
  40  3:21  Probe x2  
  42  3:35  Gateway, Oracle  
  42  3:38  Probe  
  42  3:39  Probe  
  44  3:42  Gateway  
  47  3:51  Probe x2  
  49  3:59  Pylon  
  49  4:03  Probe  
  49  4:06  Nexus  
  49  4:08  Probe  
  51  4:15  Probe, Assimilator  
  49  4:19  Assimilator  
  49  4:20  Probe  
  50  4:25  Pylon  
  50  4:27  Probe  
  51  4:32  Probe  
  52  4:39  Probe  
  52  4:44  Twilight Council, Forge  
  53  4:45  Probe  
  53  4:51  Probe  
  55  4:53  Protoss Ground Weapons Level 1, Blink  
  55  4:58  Probe  
  55  4:59  Gateway  
  56  5:00  Gateway  
  56  5:01  Gateway  
  56  5:03  Probe  
  57  5:14  Probe  
  57  5:15  Sentry x3  
  64  5:23  Gateway  
  64  5:24  Gateway  
  64  5:28  Probe x3  
  67  5:39  Pylon  
  67  5:40  Probe x3  
  70  5:43  Pylon  
  70  5:47  Pylon  
  70  5:50  Robotics Facility  
  70  5:52  Probe x2  
  70  5:53  Probe  
  73  5:59  Stalker x2  
  73  6:02  Stalker  
  76  6:05  Probe x2  
  76  6:17  Probe x2  
  76  6:18  Probe  
  79  6:20  Photon Cannon  
  79  6:23  Pylon  
  79  6:29  Pylon, Probe x2  
  79  6:31  Stalker x2  
  85  6:41  Probe  
  85  6:44  Stalker x2  
  85  6:46  Charge  
  90  6:48  Stalker x2, Protoss Ground Armor Level 1  
  90  6:50  Pylon  
  90  6:53  Stalker  
  96  6:56  Pylon  
  96  7:08  Stalker x4  
  93  7:17  Stalker x2  
  88  7:28  Stalker x2  
  83  7:30  Probe x3  
  83  7:35  Pylon  
  86  7:40  Observer  
  86  7:42  Probe x2  
  86  7:43  Probe  
  86  7:44  Assimilator  
  84  7:47  Pylon  
  84  7:50  Assimilator  
  84  7:53  Sentry x2  
  84  7:54  Zealot x3, Probe x2  
  96  8:01  Observer, Zealot x3  
  103  8:07  Probe  
  103  8:11  Robotics Bay  
  104  8:17  Robotics Facility  
  104  8:18  Immortal  
  101  8:23  Pylon  
  101  8:29  Zealot x3  
  101  8:30  Zealot  
  113  8:34  Probe  
  113  8:35  Probe  
  113  8:38  Pylon  
  115  8:49  Zealot x3, Pylon  
  115  8:53  Zealot  
  119  9:03  Zealot, Stalker x3  
  127  9:14  Disruptor, Stalker x3  
  109  9:18  Disruptor  
  109  9:23  Zealot x2  
  103  9:29  Zealot x2  
  103  9:32  Zealot  
  101  9:44  Zealot x5  
  97  9:50  Stalker  
  97  9:51  Stalker  
  91  10:00  Stalker  
  91  10:05  Zealot x5  
  91  10:18  Stalker x2  
Tags
 
Add a new tag
Caveats
  • Supply blocks, unpowered buildings, or Contaminate may cause inaccurate times.
  • Supply counts are checked every 10 seconds.